 Dungeon Crawl Stone Soup version 0.20.1-1-g8b1a95d (webtiles) character file.

660110 equalderp2856 the Axe Maniac (level 27, -5/245 HPs)
             Began as a Minotaur Fighter on July 29, 2017.
             Killed by divine providence
             ... invoked by a meliai
              (8 damage)
             ... on level 3 of the Abyss on July 30, 2017.
             The game lasted 06:45:13 (103209 turns).

equalderp2856 the Axe Maniac (Minotaur Fighter)   Turns: 103209, Time: 06:45:13

Health: -5/245     AC: 45    Str: 24      XL:     27
Magic:  0/35       EV: 11    Int: 12 (15) God:
Gold:   9260       SH: 30    Dex: 10      Spells: 54/54 levels left

rFire    + . .     SeeInvis .   X - +5 broad axe
rCold    . . .     Gourm    .   e - +0 large shield
rNeg     . . .     Faith    .   g - +15 Maxwell's patent armour {-Cast -Tele rElec MR+ rCorr}
rPois    .         Spirit   +   v - +2 hat
rElec    +         Reflect  +   q - scarf {Spirit}
rCorr    +         Harm     .   z - +2 pair of gloves {archery}
MR       ++++.     NoTele   +   P - +2 pair of boots {run} Stlth ..........NoCast +
                                p - +4 amulet of reflection
Regen    0.5/turn               A - ring of protection from magic
MPRegen  0.3/turn               E - ring of the Leaf {rElec rF+ Int+4}

@: quick
A: retaliatory headbutt, horns 2, blurry vision 1[+1], clever 2, clumsy 2,
deterioration 2, frail 1, [low mp 1], shaggy fur 1, [weak 2], [no potion heal 2]
}: 3/15 runes: decaying, serpentine, silver
a: no special abilities


You were on level 3 of the Abyss.
You were not hungry.

You visited 9 branches of the dungeon, and saw 47 of its levels.
You visited the Abyss 2 times.
You visited 1 bazaar.
You also visited: Labyrinth, Sewer, Ice Cave and Desolation.

You collected 9906 gold pieces.
You spent 646 gold pieces at shops.

Inventory:

Hand Weapons
 m - a +3 battleaxe of freezing
 B - a +4 trident
 C - a +0 hand crossbow
 I - a +2 trident of distortion
 S - the +7 arbalest "Jellyslayer" {speed, rElec rC+ rN+ MR+}
   (You found it in a sewer)

   Attacks with this weapon are significantly faster.
   It protects you from cold.
   It insulates you from electricity.
   It protects you from negative energy.
   It affects your resistance to hostile enchantments.
 X - a +5 broad axe (weapon)
Missiles
 o - 1868 bolts
Armour
 c - a +2 buckler of protection
 e - a +0 large shield (worn)
 g - the +15 Maxwell's patent armour (worn) {-Cast -Tele rElec MR+ rCorr}
   (You found it on level 6 of the Lair of Beasts)

   It insulates you from electricity.
   It affects your resistance to hostile enchantments.
   It prevents spellcasting.
   It prevents most forms of teleportation.
   It protects you from acid and corrosion.
 q - a scarf of spirit shield (worn)
 s - a +2 cloak of magic resistance
 v - a +2 hat (worn)
 z - a +2 pair of gloves of archery (worn)
 K - a +2 plate armour of positive energy
 L - a +10 plate armour of ponderousness
 P - a +2 pair of boots of running (worn)
Jewellery
 n - the ring of Past Mistakes {-Tele AC+2 Str+4 Dex+2}
   (You found it on level 7 of the Dungeon)

   [ring of protection]

   It affects your AC (+2).
   It affects your strength (+4).
   It affects your dexterity (+2).
   It prevents most forms of teleportation.
 p - a +4 amulet of reflection (around neck)
 A - a ring of protection from magic (left hand)
 E - the ring of the Leaf (right hand) {rElec rF+ Int+4}
   (You took it off a necromancer on level 4 of the Depths)

   [ring of protection from fire]

   It affects your intelligence (+4).
   It protects you from fire.
   It insulates you from electricity.
 H - the ring of Vaulu {-Tele rPois rF+ rC+ rN+++}
   (You found it on level 15 of the Dungeon)

   [ring of protection from fire]

   It protects you from fire.
   It protects you from cold.
   It protects you from poison.
   It renders you almost immune to negative energy.
   It prevents most forms of teleportation.
 R - an uncursed amulet of regeneration
 V - a cursed -6 ring of intelligence
 Z - an uncursed amulet of guardian spirit
Wands
 J - a wand of clouds (0/9)
Scrolls
 h - 11 scrolls of fog
 k - 18 scrolls of remove curse
 t - 7 scrolls of immolation
 w - 15 scrolls of teleportation
 x - 6 scrolls of magic mapping
 y - 7 scrolls of blinking
 N - 27 scrolls of identify
 U - 10 scrolls of fear
 W - 3 scrolls of holy word
Potions
 b - a potion of resistance
 d - 6 potions of might
 j - 5 potions of cancellation
 l - 8 potions of lignification
 u - 6 potions of berserk rage
 D - 4 potions of magic
 G - 4 potions of ambrosia
 O - 17 potions of curing
 T - 8 potions of agility
 Y - 11 potions of haste
Books
 f - a book of Misfortune

   Spells                             Type                      Level
   a - Confusing Touch                Hexes                        1
   b - Confuse                        Hexes                        3
   c - Gell's Gravitas                Translocation                3
   d - Petrify                        Transmutation/Earth          4
   e - Metabolic Englaciation         Hexes/Ice                    5
   f - Yara's Violent Unravelling     Hexes/Transmutation          5
 M - a book of Changes

   Spells                             Type                      Level
   a - Beastly Appendage              Transmutation                1
   b - Sticks to Snakes               Transmutation                2
   c - Spider Form                    Transmutation/Poison         3
   d - Ice Form                       Ice/Transmutation            4
   e - Blade Hands                    Transmutation                5
Miscellaneous
 a - 2 sacks of spiders
 r - a lightning rod (4/4)
 Q - a lamp of fire
Comestibles
 F - 19 meat rations


   Skills:
 O Level 27 Fighting
 O Level 27 Axes
 + Level 3.1(18.9) Polearms
 + Level 10.1 Crossbows
 + Level 20.9 Armour
 + Level 7.1 Dodging
 + Level 4.0 Stealth
 O Level 27 Shields
 - Level 14.0 Spellcasting
 + Level 0.1 Evocations


You had 54 spell levels left.
You didn't know any spells.

Dungeon Overview and Level Annotations

Branches:
Dungeon (15/15)            Temple (0/1) D:5            Lair (6/6) D:9
  Swamp (4/4) Lair:2        Snake (4/4) Lair:2        Slime (0/5) Lair:5
    Orc (2/2) D:9             Elf (3/3) Orc:2        Vaults (5/5) D:14
  Crypt (3/3) Vaults:2       Tomb (0/3) Crypt:3      Depths (5/5) D:15
    Zot (0/5) Depths:5

Altars:
Cheibriados
Elyvilon
Gozag
Hepliaklqana
Kikubaaqudgha
Makhleb
Sif Muna
Trog
Uskayaw
Xom
Yredelemnul
The Shining One

Shops:
D:15 =   Orc:2 (?[*(   Elf:1 (   Elf:2 (?(%   Snake:3 !   Snake:4 (
Vaults:1 %   Vaults:2 [   Vaults:4 }   Depths:1 ***!   Depths:2 *

Portals:
Hell: Depths:1 Depths:2 Depths:3 Depths:4 Depths:5
Abyss: Depths:3 Depths:4 Depths:5
Pandemonium: Depths:2 Depths:3
Ziggurat: Depths:5

Annotations:
D:14 2 exclusions
Swamp:1 1 exclusion
Snake:2 1 exclusion
Snake:4 4 exclusions
Elf:1 1 exclusion
Vaults:2 2 exclusions
Crypt:3 8 exclusions


Innate Abilities, Weirdness & Mutations

You reflexively headbutt those who attack you in melee.
You have a pair of horns on your head.
Your mind is very acute. (Int +4)
You are very clumsy. (Dex -4)
Your body often deteriorates upon taking damage.
You are frail. (-10% HP)
You are covered in fur. (AC +1)
[Scrolls take you longer to read.]
[Your magical capacity is low. (-10% MP)]
[You are very weak. (Str -4)]
[Potions are poor at restoring your health.]


Message History

The meliai is severely wounded.
You slash the wretched star! You slice the red very ugly thing!!
You slash the meliai!
You hear an angry buzzing noise.
You block the meliai's attack. x2; A starcursed mass splits.
The meliai hits you but does no damage. You block the meliai's attack. x2
The meliai barely misses you.
A starcursed mass splits. x2
The killer bee stings you but does no damage.
A meliai comes into view. It is wielding a war axe of flaming.
You slice the meliai!!
You kill the meliai!
You hit the wretched star. You hit the killer bee.
You hit the red very ugly thing but do no damage.
You hit the meliai.
You kill the meliai!
You feel the corruption within you wane somewhat.
Your vision sharpens a little.
The meliai invokes the aid of its god against you.
Something smites you!
You die...

# ..##.#.. ### .# .#
#.# . # .# .. . .###
.##. ###.#.### .. .
..#.#y.yy.....# .
###..# #
.###..###.#.. #....#
.#.3#...#...#
##....y##.##.......
#...#.u##yu#)..#..
..###... #.#@).#..#
# . .5 #..y*..###
..###. †)....∩.XXXX.
##. ..†........XX...
...#..y#...#...#...#
/..
##.###.###.###.## #
#.. .. .. ..# .. #
.%#...#. .. ##. #.##


You could see 6 starcursed masses, a red very ugly thing, a wretched star, a
ynoxinul, 2 meliai and a killer bee.

Vanquished Creatures
  Khufu (Crypt:1)
  A juggernaut (Depths:4)
  2 greater mummies (Crypt:1)
  Boris (Depths:3)
  2 caustic shrikes
  the Lernaean hydra (Swamp:4)
  Nikola (Elf:2)
  2 golden dragons
  Jory (Vaults:4)
  A profane servitor (Abyss:2)
  A bone dragon (Abyss:2)
  Jorgrun (Snake:3)
  7 tentacled monstrosities
  15 liches
  4 titans
  2 quicksilver dragons
  Frances (Snake:2)
  A deep elf master archer (Elf:3)
  5 tentacled starspawn
  8 sphinxes
  An Executioner (Abyss:2)
  7 tengu reavers
  Kirke (Elf:1)
  An ancient champion (Crypt:1)
  8 storm dragons
  Agnes (Snake:4)
  5 thorn hunters
  9 shadow dragons
  Roxanne (Snake:3)
  Donald (Swamp:3)
  4 revenants
  13 frost giants
  10 nagarajas
  9 deep elf sorcerers
  13 fire giants
  2 imperial myrmidons (Desolation)
  A draconian knight (Abyss:3)
  An orc warlord (Vaults:4)
  8 deep elf elementalists
  11 vault wardens
  A balrug (Abyss:3)
  Aizul (Snake:2)
  3 ghouls (Crypt:1)
  11 ironheart preservers
  A draconian scorcher (Depths:5)
  3 iron dragons
  40 very ugly things
  5 war gargoyles
  An entropy weaver (Vaults:2)
  Nessos (Lair:6)
  7 deep elf annihilators
  32 stone giants
  5 vampire knights
  7 deep elf demonologists
  A green draconian (Depths:5)
  A red draconian (Depths:4)
  A halazid warlock (Desolation)
  Azrael (D:13)
  10 spark wasps
  A white draconian (Depths:5)
  A purple draconian (Depths:5)
  10 fire dragons
  Snorg (D:9)
  A minotaur (shapeshifter) (Vaults:5)
  20 ettins
  2 merfolk javelineers (Depths:3)
  8 deep elf death magi
  6 eidola
  3 crystal guardians (Desolation)
  4 jiangshi
  A minotaur (Lab)
  An ettin (shapeshifter) (Depths:2)
  24 yaktaur captains
  9 deep elf high priests
  A mummy priest (Crypt:3)
  11 ragged hierophants (Desolation)
  3 merfolk impalers (Depths:3)
  The ghost of motkuASD the Cleaver, a journeyman MiGl of Uskayaw (Lab)
  The ghost of motkuthepatient the Geomancer, a journeyman GrEE of Okawaru (D:10)
  13 ice dragons
  Erolcha (D:12)
  9 rakshasas
  43 vault guards
  3 servants of whispers (Desolation)
  22 naga warriors
  3 quicksilver dragon skeletons
  5 spriggan air magi
  14 great orbs of eyes
  20 hydras
  A ghost crab (Swamp:4)
  17 anacondas
  9 peacekeepers
  9 alligators
  2 catoblepae
  15 ogre magi
  13 centaur warriors
  27 dancing weapons
  An alligator (shapeshifter) (Depths:4)
  44 two-headed ogres
  5 death knights
  6 tengu warriors
  9 vampire magi
  A satyr (shapeshifter) (Vaults:5)
  9 deep troll shamans
  3 death yaks
  7 deep troll earth magi
  3 thrashing horrors
  An orc high priest (Orc:2)
  17 naga sharpshooters
  32 deep elf knights
  Urug (Orc:1)
  7 shock serpents
  8 spriggan berserkers
  A titan zombie (Crypt:1)
  13 iron trolls
  2 storm dragon zombies (Crypt:1)
  A sun demon (Abyss:3)
  10 wretched stars
  15 hell knights
  2 fire crabs (shapeshifter)
  4 shadow wraiths
  8 salamander mystics
  5 spatial maelstroms
  26 skeletal warriors
  A storm dragon skeleton (Crypt:3)
  3 sixfirhies
  10 wizards
  11 naga ritualists
  2 death drakes (Abyss:2)
  4 glowing orange brains
  17 flayed ghosts
  2 spriggan druids
  27 deep trolls
  14 swamp dragons
  11 unseen horrors
  13 phantasmal warriors
  A tengu zombie (Depths:1)
  2 lindwurms (Lair:6)
  2 lindwurms (shapeshifter)
  25 ironbrand convokers
  3 shambling mangroves
  8 harpies (Vaults:3)
  16 deep elf archers
  12 orc knights
  A harpy (shapeshifter) (Abyss:1)
  15 mana vipers
  A sphinx zombie (Depths:2)
  23 large abominations
  A cyclops (shapeshifter) (Depths:5)
  69 deep elf magi
  6 manticores
  21 necromancers
  56 ugly things
  8 orc sorcerers
  A shadow dragon skeleton (Depths:1)
  2 wolf spiders (Vaults:3)
  4 cyclopes
  4 oklob plants (Lair:5)
  A stone giant zombie (Crypt:2)
  4 worldbinders
  2 centaur zombies
  14 guardian serpents
  11 salamanders
  6 elephants (Lair:6)
  49 black mambas
  14 fire giant skeletons
  A torpor snail (Lair:6)
  3 frost giant skeletons
  17 naga magi
  A spriggan zombie (Depths:1)
  8 gargoyles
  3 ice statues (IceCv)
  A stone giant skeleton (Crypt:3)
  14 vault sentinels
  A spiny frog (shapeshifter) (Depths:2)
  2 orange demons
  19 spiny frogs
  10 smoke demons
  7 centaur skeletons
  A kobold demonologist (D:15)
  A hellion (Abyss:2)
  3 rime drakes
  A rime drake (shapeshifter) (Vaults:1)
  3 komodo dragons (shapeshifter)
  A shock serpent skeleton (Crypt:1)
  2 yaktaurs (shapeshifter)
  An anaconda simulacrum (Crypt:1)
  9 komodo dragons
  2 tormentors (Abyss:2)
  A demonic crawler (Abyss:3)
  74 yaktaurs
  5 efreet
  7 hellwings
  6 ancient zymes
  3 guardian mummies (Crypt:3)
  9 freezing wraiths
  3 meliai (Abyss:3)
  19 hornets
  11 trolls
  76 saltlings
  A sphinx simulacrum (Depths:2)
  A wind drake (shapeshifter) (Vaults:2)
  A harpy zombie (Crypt:1)
  2 polar bears
  The ghost of ceb the Poker, an amateur DsGl (D:4)
  14 dream sheep (Lair:6)
  4 bog bodies
  8 tyrant leeches
  2 alligator zombies
  A meliai zombie (D:14)
  17 blink frogs
  A hydra skeleton (Crypt:2)
  28 raiju
  6 hippogriffs
  A slime creature (shapeshifter) (Depths:5)
  49 slime creatures
  7 air elementals
  2 ice dragon skeletons
  15 flying skulls
  A redback (shapeshifter) (Vaults:1)
  3 ettin skeletons
  A spriggan (shapeshifter) (Vaults:4)
  8 shadows
  A vampire (Abyss:2)
  8 wraiths
  9 redbacks
  7 spriggans
  4 wyverns
  20 water elementals
  An alligator skeleton (Crypt:3)
  4 fire dragon skeletons (Crypt:3)
  4 ynoxinuls
  2 tarantellas (shapeshifter)
  3 fire bats (Abyss:2)
  6 hogs (Elf:1)
  51 yaks
  A human (D:9)
  A golden eye (Abyss:2)
  3 basilisks
  11 hungry ghosts
  Eustachio (D:8)
  20 vampire mosquitoes
  10 fire elementals
  A golden eye (shapeshifter) (Vaults:5)
  10 neqoxecs
  17 swamp worms
  61 nagas
  3 chaos spawn (Abyss:2)
  5 wargs
  2 soldier ants
  A two-headed ogre zombie (Crypt:2)
  6 insubstantial wisps
  2 spatial vortices
  2 acid dragons
  A merfolk zombie (Crypt:1)
  3 floating eyes (Depths:4)
  7 porcupines
  A spiny frog skeleton (Crypt:1)
  21 water moccasins
  7 hell hounds
  2 snapping turtle zombies (Crypt:2)
  10 swamp drakes
  An infernal demonspawn skeleton (Crypt:2)
  A deep troll skeleton (Crypt:1)
  10 sky beasts
  A black bear (D:12)
  An elephant zombie (Crypt:1)
  2 manticore zombies (Crypt:1)
  51 orc warriors
  2 eyes of draining
  10 ice beasts
  A black bear (shapeshifter) (Depths:2)
  A necrophage (Crypt:1)
  3 ettin simulacra (Depths:3)
  A hornet zombie (Crypt:1)
  6 phantoms
  37 ogres
  9 wolves
  14 boggarts
  32 centaurs
  A swamp dragon skeleton (Abyss:2)
  A snapping turtle skeleton (Crypt:1)
  21 crocodiles
  4 big kobolds
  A big kobold (shapeshifter) (Depths:2)
  4 earth elementals
  An elf zombie (Crypt:2)
  31 bullfrogs
  2 gnoll sergeants
  29 small abominations
  A wyvern skeleton (D:12)
  2 scorpions
  11 killer bees
  A spriggan skeleton (Lab)
  26 wights
  A polar bear skeleton (Crypt:1)
  2 troll skeletons
  An electric eel (Lair:2)
  2 howler monkeys
  4 lava snakes (Lab)
  10 crimson imps
  53 starcursed masses
  7 jellies
  5 quasits
  A bullfrog zombie (D:13)
  6 hounds
  37 orc wizards
  3 bullfrog skeletons
  35 orc priests
  An iron imp (Depths:2)
  Jessica (D:2)
  8 iguanas
  12 worker ants
  A dwarf zombie (Crypt:2)
  A big kobold zombie (Crypt:2)
  A naga skeleton (Crypt:3)
  3 ogre skeletons (Lab)
  A tengu skeleton (Crypt:2)
  A hound skeleton (D:8)
  A hound zombie (D:11)
  7 mummies
  Robin (D:2)
  2 howler monkey zombies
  10 gnolls
  3 river rats
  18 adders
  5 shadow imps
  4 white imps
  3 oozes
  3 ufetubi
  An adder zombie (D:8)
  2 worms (D:3)
  A dart slug (D:2)
  12 leopard geckos
  128 orcs
  13 ball pythons
  8 bats
  8 giant cockroaches
  12 goblins
  15 hobgoblins
  12 jackals
  27 kobolds
  5 quokkas
  A ball python skeleton (D:5)
  8 frilled lizards
  A hobgoblin skeleton (Crypt:1)
  2 leopard gecko skeletons
  An orc skeleton (Abyss:2)
  36 rats
  9 briar patches
  8 crawling corpses
  2 fungi
  A lurking horror (Abyss:2)
  2 plants
  5 starspawn tentacles
3091 creatures vanquished.

Vanquished Creatures (others)
  A titan (Vaults:5)
  A deep elf blademaster (Elf:2)
  2 deep elf master archers (Elf:3)
  A frost giant (Vaults:3)
  3 stone giants
  A fire dragon (Depths:1)
  4 yaktaur captains
  A centaur warrior (Vaults:4)
  An alligator (Swamp:4)
  A deep elf knight (Elf:2)
  3 deep elf archers
  4 deep elf magi
  2 cyclopes (Vaults:1)
  16 yaktaurs
  An ancient zyme (Abyss:3)
  A meliai (shapeshifter) (Depths:3)
  A chaos spawn (Abyss:3)
  A naga (Snake:2)
  2 sky beasts (D:10)
  A boggart (Depths:2)
  3 centaurs
  A small abomination (Abyss:2)
  A starcursed mass (Abyss:3)
  An orc wizard (D:14)
  A worker ant (D:10)
  An orc (Vaults:3)
  2 briar patches (Swamp:2)
  10 fungi
  A lurking horror (Abyss:2)
  17 plants
  9 starspawn tentacles
  A withered plant (Crypt:3)
96 creatures vanquished.

Grand Total: 3187 creatures vanquished

Notes
Turn   | Place    | Note
-------+----------+-------------------------------------------
     0 | D:1      | equalderp2856 the Minotaur Fighter began the quest for the Orb.
     0 | D:1      | Reached XP level 1. HP: 19/19 MP: 0/0
   281 | D:1      | Reached XP level 2. HP: 24/27 MP: 1/1
   666 | D:2      | Noticed Jessica
   668 | D:2      | Killed Jessica
   668 | D:2      | Reached XP level 3. HP: 33/33 MP: 2/2
   748 | D:2      | Noticed Robin
   763 | D:2      | Killed Robin
   763 | D:2      | Reached XP level 4. HP: 24/40 MP: 3/3
  1051 | D:2      | Found a deep blue altar of Sif Muna.
  1300 | D:2      | Reached XP level 5. HP: 47/47 MP: 4/4
  1574 | D:3      | Reached skill level 5 in Armour
  1813 | D:3      | Found a glowing drain.
  1821 | Sewer    | Entered a sewer
  1935 | Sewer    | Reached skill level 1 in Dodging
  1940 | Sewer    | Reached skill level 5 in Axes
  1973 | Sewer    | Reached XP level 6. HP: 49/53 MP: 5/5
  2143 | Sewer    | Got a crystal arbalest
  2268 | Sewer    | Reached skill level 5 in Fighting
  2593 | D:3      | Found a bloodstained altar of Trog.
  2681 | D:3      | Found a burning altar of Makhleb.
  2883 | D:4      | Reached XP level 7. HP: 50/61 MP: 6/6
  3089 | D:4      | Reached skill level 5 in Shields
  3271 | D:4      | Noticed ceb's ghost (amateur DsGl)
  3473 | D:4      | Found a white marble altar of Elyvilon.
  3999 | D:4      | Killed ceb's ghost
  3999 | D:4      | Reached XP level 8. HP: 42/69 MP: 7/7
  4112 | D:5      | Entered Level 5 of the Dungeon
  4698 | D:5      | Found a staircase to the Ecumenical Temple.
  6059 | D:6      | Reached XP level 9. HP: 46/75 MP: 8/8
  6522 | D:6      | Found a snail-covered altar of Cheibriados.
  6826 | D:6      | Identified the +7 arbalest "Jellyslayer" {speed, rElec rC+ rN+ MR+} (You found it in a sewer)
  7014 | D:7      | Reached skill level 1 in Crossbows
  7137 | D:7      | Found a transporter.
  7206 | D:7      | Found a hide-covered altar of Uskayaw.
  7207 | D:7      | Found a white marble altar of Elyvilon.
  7425 | D:7      | Found a glowing golden altar of the Shining One.
  7476 | D:7      | Reached skill level 1 in Stealth
  8258 | D:8      | Reached skill level 1 in Spellcasting
  8374 | D:8      | Reached skill level 10 in Axes
  8435 | D:8      | Noticed a troll
  8447 | D:8      | Killed a troll
  8722 | D:8      | Reached XP level 10. HP: 45/84 MP: 5/11
  8811 | D:8      | Noticed Eustachio
  9036 | D:8      | Killed Eustachio
  9799 | D:9      | Found a staircase to the Lair.
  9829 | D:9      | Reached skill level 10 in Armour
 10296 | D:9      | Found a staircase to the Orcish Mines.
 10608 | Lair:1   | Entered Level 1 of the Lair of Beasts
 10712 | Lair:1   | Noticed a spiny frog
 10718 | Lair:1   | Killed a spiny frog
 10912 | Lair:1   | Noticed a spiny frog
 10922 | Lair:1   | Killed a spiny frog
 12404 | D:7      | Reached skill level 5 in Crossbows
 12422 | D:7      | Noticed a two-headed ogre
 12564 | D:7      | You fall through a shaft for 2 floors!
 13129 | D:9      | Reached XP level 11. HP: 58/94 MP: 6/14
 13921 | D:7      | Killed a two-headed ogre
 13938 | D:7      | Found a transporter.
 13964 | D:7      | Got a scorched tin ring
 14435 | Lair:1   | Identified the ring of Past Mistakes {-Tele AC+2 Str+4 Dex+2} (You found it on level 7 of the Dungeon)
 14584 | D:10     | Entered Level 10 of the Dungeon
 14651 | D:10     | Paralysed by fainting for 10 turns
 15137 | D:10     | Noticed motkuthepatient's ghost (journeyman GrEE)
 15758 | D:11     | Noticed a two-headed ogre
 15766 | D:11     | Killed a two-headed ogre
 16044 | Lair:2   | Found a staircase to the Swamp.
 16353 | D:10     | Killed motkuthepatient's ghost
 16496 | D:10     | Found a runed door.
 17313 | Lair:2   | Got a warped leather armour
 17324 | Lair:2   | Identified the cursed +0 leather armour of the Soldier {rElec Slay-4 Stlth+} (You found it on level 2 of the Lair of Beasts)
 17337 | Lair:2   | Found a staircase to the Snake Pit.
 17736 | Lair:2   | Reached XP level 12. HP: 105/105 MP: 17/17
 18151 | Lair:3   | Noticed a seven-headed hydra
 18604 | Lair:3   | Found an ancient bone altar of Kikubaaqudgha.
 19702 | Lair:4   | Reached skill level 10 in Fighting
 20033 | Lair:4   | Reached skill level 5 in Spellcasting
 20787 | Lair:2   | Killed a seven-headed hydra
 21484 | Lair:4   | You fall through a shaft for 2 floors!
 21484 | Lair:6   | Entered Level 6 of the Lair of Beasts
 21688 | Lair:5   | Noticed a six-headed hydra
 21727 | Lair:5   | Killed a six-headed hydra
 21784 | Lair:5   | Noticed Nessos
 21852 | Lair:5   | Noticed a seven-headed hydra
 21890 | Lair:5   | Killed a seven-headed hydra
 21890 | Lair:5   | Reached XP level 13. HP: 62/116 MP: 14/20
 21972 | Lair:5   | Found a staircase to the Slime Pits.
 24012 | Lair:6   | Killed Nessos
 24012 | Lair:6   | Reached skill level 15 in Axes
 24804 | Lair:6   | Reached XP level 14. HP: 101/125 MP: 22/22
 28001 | D:11     | Found a deep blue altar of Sif Muna.
 28061 | D:11     | Identified the Handbook of Unstable Air
 28073 | D:11     | Reached skill level 10 in Crossbows
 28358 | D:12     | Noticed Erolcha
 28368 | D:12     | Killed Erolcha
 30417 | D:13     | Noticed Azrael
 30839 | D:11     | Got an iridescent whip
 31147 | D:11     | Got a crude scale mail
 31150 | D:11     | Got a smoking scale mail
 31263 | D:11     | Got a steaming long sword
 31429 | Lair:1   | Identified the +1 scale mail of Existentialism {rF+} (You found it on level 11 of the Dungeon)
 31439 | Lair:1   | Identified the +1 scale mail of a bailey {Dex+3} (You found it on level 11 of the Dungeon)
 31441 | Lair:1   | Identified the +10 long sword of Agony {pain, rElec rF+} (You found it on level 11 of the Dungeon)
 31956 | D:13     | Got a wizard robe
 32290 | Lair:1   | Identified the +2 robe of the Countless Dances {Regen+ Dex+6} (You found it on level 13 of the Dungeon)
 32629 | D:13     | Killed Azrael
 32846 | D:13     | Reached XP level 15. HP: 136/136 MP: 25/25
 33645 | D:14     | Found a shimmering altar of Xom.
 33648 | D:14     | Found a sacrificial altar of Ru.
 33648 | D:14     | Found a glowing silver altar of Zin.
 33658 | D:14     | Found an opulent altar of Gozag.
 33658 | D:14     | Found a white marble altar of Elyvilon.
 33658 | D:14     | Found a radiant altar of Vehumet.
 33772 | D:14     | Found a gate to the Vaults.
 34353 | D:15     | Entered Level 15 of the Dungeon
 34619 | D:15     | Found a labyrinth entrance.
 34643 | Lab      | Entered a labyrinth
 35532 | Lab      | Noticed motkuASD's ghost (journeyman MiGl)
 35578 | Lab      | Killed motkuASD's ghost
 36680 | Lab      | Identified the Guide on Boosts
 36685 | Lab      | Identified the Papyrus of Translocation
 36730 | Lab      | Got a shimmering leather armour
 36742 | Lab      | Identified the +0 leather armour of Morality {rF+ Str+3} (You took it off a minotaur in a labyrinth)
 36761 | Lab      | Got a crude short sword {antimagic}
 36765 | Lab      | Identified the cursed +0 short sword of Sin {antimagic, -Tele +Fly rPois rC+} (You took it off a minotaur in a labyrinth)
 37016 | D:15     | Found a staircase to the Depths.
 37323 | D:15     | Found Dopudin's Jewellery Emporium.
 37616 | D:15     | Got a translucent gossamer ring
 37618 | D:15     | Identified the ring of Vaulu {-Tele rPois rF+ rC+ rN+++} (You found it on level 15 of the Dungeon)
 38410 | Orc:1    | Entered Level 1 of the Orcish Mines
 38410 | Orc:1    | Noticed Snorg
 38410 | Orc:1    | Noticed Urug
 38425 | D:9      | Killed Snorg
 38474 | Orc:1    | Killed Urug
 38839 | Orc:1    | Found a frozen archway.
 38850 | IceCv    | Entered an ice cave
 39145 | IceCv    | Got warped ice dragon scales
 39156 | IceCv    | Identified the cursed +1 ice dragon scales of Truth {rF- rC++ Str+4} (You found it in an ice cave)
 39422 | Orc:2    | Entered Level 2 of the Orcish Mines
 39508 | Orc:2    | Found Boesin's Weapon Boutique.
 39608 | Orc:2    | Found a staircase to the Elven Halls.
 39724 | Orc:2    | Reached skill level 15 in Armour
 39911 | Orc:2    | Found Liaph's Magic Scroll Boutique.
 39911 | Orc:2    | Found Cixolew's Armour Boutique.
 39913 | Orc:2    | Found Amihuuc's Weapon Shop.
 39927 | Orc:2    | Found Hontal's Assorted Antiques.
 40207 | Orc:2    | Paralysed by an orc sorcerer for 5 turns
 41557 | Elf:1    | Entered Level 1 of the Elven Halls
 42298 | Elf:1    | Found Xiowk's Antique Weapon Boutique.
 42309 | Elf:1    | Noticed Kirke
 42323 | Elf:1    | Noticed a sphinx
 42438 | Elf:1    | Reached XP level 16. HP: 147/147 MP: 27/27
 42464 | Elf:1    | Noticed a sphinx
 42969 | Elf:1    | Killed Kirke
 44777 | Snake:1  | Entered Level 1 of the Snake Pit
 44881 | Snake:1  | Reached skill level 10 in Shields
 45090 | Snake:1  | Reached skill level 15 in Fighting
 45985 | Snake:2  | Noticed Frances
 45997 | Snake:2  | Killed Frances
 46383 | Snake:2  | Noticed Aizul
 46399 | Snake:2  | Killed Aizul
 46639 | Snake:3  | Found Teinkim's Distillery.
 47503 | Snake:3  | Noticed Roxanne
 47669 | Snake:3  | Reached XP level 17. HP: 108/157 MP: 26/29
 48210 | Snake:3  | Noticed Jorgrun
 48226 | Snake:3  | Killed Jorgrun
 48433 | Snake:3  | Killed Roxanne
 48434 | Snake:3  | Identified Roxanne's Catalogue of Changing (You took it off Roxanne on level 3 of the Snake Pit)
 49257 | Snake:4  | Entered Level 4 of the Snake Pit
 49597 | Snake:4  | Noticed Agnes
 49610 | Snake:4  | Killed Agnes
 49687 | Snake:4  | Found a runed gate.
 49687 | Snake:4  | Found a runed gate.
 49695 | Snake:4  | Found a runed gate.
 49796 | Snake:4  | Found a glowing golden altar of the Shining One.
 50017 | Snake:4  | Found Namalopp's Antique Weapon Emporium.
 50893 | Snake:4  | Reached skill level 10 in Spellcasting
 51498 | Snake:4  | Reached XP level 18. HP: 166/168 MP: 31/31
 51924 | Snake:4  | Got a serpentine rune of Zot
 53747 | Swamp:1  | Entered Level 1 of the Swamp
 54988 | Swamp:3  | Reached skill level 1 in Polearms
 55407 | Swamp:4  | Entered Level 4 of the Swamp
 55428 | Swamp:4  | Noticed Donald
 55451 | Swamp:3  | Killed Donald
 55961 | Swamp:4  | Noticed the 27-headed Lernaean hydra
 56291 | Swamp:4  | Reached XP level 19. HP: 163/177 MP: 32/32
 56598 | Swamp:4  | Reached skill level 5 in Dodging
 57013 | Swamp:4  | Got a decaying rune of Zot
 57692 | Swamp:4  | Killed the 26-headed Lernaean hydra
 57692 | Swamp:4  | Reached skill level 15 in Shields
 58412 | Depths:1 | Entered Level 1 of the Depths
 58581 | Depths:1 | Found a hazy altar of Hepliaklqana.
 58860 | Depths:1 | Found a gateway to Hell.
 59492 | Depths:1 | Found Xuto's General Store.
 59494 | Depths:1 | Found Oliteceg's General Store.
 59494 | Depths:1 | Found Wutuekhopol's Assorted Antiques.
 59576 | Depths:1 | Found Umniropt's Distillery.
 59888 | Depths:2 | Found a one-way gate leading to the halls of Pandemonium.
 59940 | Depths:2 | Found Ruutt's Assorted Antiques.
 61070 | Depths:2 | Noticed a lich
 61071 | Depths:2 | Noticed a lich
 61119 | Depths:2 | Reached XP level 20. HP: 189/189 MP: 34/34
 62537 | Depths:2 | Noticed a caustic shrike
 62610 | Depths:2 | Killed a caustic shrike
 63207 | Depths:2 | Identified the Volume of Shifting Attacks
 63208 | Depths:2 | Identified the Incunabulum of Translocation
 64528 | Depths:3 | Found a one-way gate to the infinite horrors of the Abyss.
 65208 | Depths:3 | Noticed Boris
 65237 | Depths:3 | Killed Boris
 65853 | Depths:3 | Reached XP level 21. HP: 171/200 MP: 33/36
 67359 | Depths:4 | Found a hide-covered altar of Uskayaw.
 67558 | Depths:4 | Noticed a caustic shrike
 67584 | Depths:4 | Killed a caustic shrike
 67843 | Depths:4 | Found a basalt altar of Yredelemnul.
 68474 | Depths:4 | Noticed a golden dragon
 68495 | Depths:4 | Killed a golden dragon
 68506 | Depths:4 | Found an opulent altar of Gozag.
 68908 | Depths:4 | Found a hazy altar of Hepliaklqana.
 68930 | Depths:4 | Noticed a juggernaut
 68947 | Depths:4 | Killed a juggernaut
 68985 | Depths:4 | Reached XP level 22. HP: 135/211 MP: 32/37
 70554 | Depths:5 | Entered Level 5 of the Depths
 71471 | Depths:5 | Noticed a golden dragon
 71490 | Depths:5 | Killed a golden dragon
 71956 | Depths:5 | Found a gateway to a ziggurat.
 72475 | Depths:5 | Found a gate to the Realm of Zot.
 74873 | Depths:4 | Paralysed by a floating eye for 3 turns
 75256 | Depths:4 | Got a heavily runed bone ring
 75603 | Depths:3 | Identified the ring of the Leaf {rElec rF+ Int+4} (You took it off a necromancer on level 4 of the Depths)
 75872 | Vaults:1 | Entered Level 1 of the Vaults
 76217 | Vaults:1 | Reached XP level 23. HP: 216/221 MP: 37/39
 76478 | Vaults:1 | Found Imucwe's Food Shoppe.
 78678 | Vaults:2 | Found a staircase to the Crypt.
 78678 | Vaults:2 | Found an ancient bone altar of Kikubaaqudgha.
 78679 | Vaults:2 | Found a basalt altar of Yredelemnul.
 79301 | Vaults:2 | Found Commyor's Antique Armour Shoppe.
 79927 | Vaults:3 | Reached XP level 24. HP: 130/232 MP: 37/39
 79948 | Vaults:3 | Found a ruined gateway.
 79954 | Desolati | Entered the Desolation of Salt
 81010 | Desolati | Identified the Handbook of Fetching Displacement
 81762 | Desolati | Identified the Incunabulum of Floating Bewitchment
 82250 | Desolati | Got a bloodstained great sword
 82251 | Desolati | Identified the +1 great sword of the People {freeze, rElec Int+6 SInv} (You found it in the Desolation of Salt)
 82275 | Desolati | Got a slimy battleaxe
 82276 | Desolati | Identified the cursed +1 battleaxe "Minotaur's Regret" {protect, *Drain rPois Int+5 SInv} (You found it in the Desolation of Salt)
 83869 | Vaults:3 | Identified a +2 pair of boots of running (You found it on level 3 of the Vaults)
 85849 | Vaults:4 | Found Mowajec's Gadget Shoppe.
 86494 | Vaults:4 | Noticed Jory
 86512 | Vaults:4 | Killed Jory
 86858 | Vaults:4 | Reached XP level 25. HP: 224/243 MP: 39/40
 87046 | Vaults:4 | Identified Advanced Hermeneutics
 87347 | Vaults:5 | Entered Level 5 of the Vaults
 89334 | Vaults:5 | Got a silver rune of Zot
 90447 | Crypt:1  | Entered Level 1 of the Crypt
 90620 | Crypt:1  | Reached XP level 26. HP: 254/254 MP: 40/40
 90699 | Crypt:1  | Noticed a greater mummy
 90699 | Crypt:1  | Noticed a greater mummy
 90703 | Crypt:1  | Noticed Khufu
 90737 | Crypt:1  | Killed a greater mummy
 90737 | Crypt:1  | Reached skill level 27 in Axes
 90747 | Crypt:1  | Killed a greater mummy
 90751 | Crypt:1  | Killed Khufu
 91292 | Crypt:1  | Found a basalt altar of Yredelemnul.
 93144 | Crypt:3  | Entered Level 3 of the Crypt
 94347 | Crypt:3  | Found a staircase to the Tomb.
 96108 | Elf:2    | Found Patumaele's Magic Scroll Emporium.
 96325 | Elf:2    | Found Cenuff's Food Boutique.
 96469 | Elf:2    | Found a runed gate.
 96470 | Elf:2    | Found a runed gate.
 96472 | Elf:2    | Found a runed gate.
 96501 | Elf:2    | Found Viubept's Antique Weapon Shop.
 97205 | Elf:2    | Found Astri's Antique Weapon Boutique.
 97314 | Elf:2    | Noticed Nikola
 97326 | Elf:2    | Reached XP level 27. HP: 263/263 MP: 40/40
 97372 | Elf:2    | Killed Nikola
 97822 | Elf:3    | Entered Level 3 of the Elven Halls
 98056 | Elf:3    | Found a flickering gateway to a bazaar.
 98105 | Bazaar   | Entered a bazaar
 98129 | Bazaar   | Found Raonuuw's Gadget Shop.
 98158 | Bazaar   | Found Kiokoint's Gadget Shop.
 98168 | Bazaar   | Found Wudyngom's Distillery.
 98200 | Bazaar   | Found Ylunoxke's Distillery.
 98411 | Bazaar   | Bought a potion of heal wounds for 60 gold pieces
 98411 | Bazaar   | Bought a potion of heal wounds for 60 gold pieces
 98411 | Bazaar   | Bought a potion of haste for 120 gold pieces
 98434 | Bazaar   | Bought a potion of heal wounds for 55 gold pieces
 98434 | Bazaar   | Bought a potion of curing for 33 gold pieces
 98434 | Bazaar   | Bought a potion of heal wounds for 55 gold pieces
 98434 | Bazaar   | Bought a potion of haste for 110 gold pieces
 98434 | Bazaar   | Bought a potion of flight for 33 gold pieces
 98457 | Bazaar   | Bought a potion of resistance for 120 gold pieces
 99259 | Elf:3    | Cast into level 3 of the Abyss (a deep elf sorcerer)
 99324 | Abyss:3  | Gained mutation: Your body sometimes deteriorates upon taking damage. [a neqoxec]
 99548 | Abyss:3  | Paralysed by accursed screaming for 2 turns
 99561 | Abyss:3  | Paralysed by accursed screaming for 2 turns
 99665 | Abyss:3  | Gained mutation: You are covered in fur. (AC +1) [a shining eye]
 99666 | Abyss:3  | Gained mutation: Your mind is acute. (Int +2) [a shining eye]
 99667 | Elf:3    | Escaped the Abyss
 99696 | Elf:3    | Paralysed by fainting for 7 turns
 99705 | Elf:3    | Paralysed by fainting for 10 turns
 99707 | Elf:3    | HP: 12/270 [lindwurm (shapeshifter) (4)]
 99715 | Elf:3    | HP: 9/270 [lindwurm (shapeshifter) (3)]
100787 | Depths:3 | Voluntarily entered the Abyss.
101211 | Abyss:2  | Gained mutation: You are clumsy. (Dex -2) [a neqoxec]
101242 | Abyss:2  | Found a corrupted altar of Lugonu.
101572 | Abyss:2  | Paralysed by accursed screaming for 1 turns
101585 | Abyss:2  | Gained mutation: Your body often deteriorates upon taking damage. [a neqoxec]
101632 | Abyss:2  | Paralysed by accursed screaming for 1 turns
102557 | Abyss:3  | Found a sparkling altar of Nemelex Xobeh.
102576 | Abyss:3  | Reached skill level 27 in Fighting
102702 | Abyss:3  | Gained mutation: Your mind is very acute. (Int +4) [a neqoxec]
102704 | Abyss:3  | Reached skill level 27 in Shields
103027 | Abyss:3  | Gained mutation: You are very clumsy. (Dex -4) [a neqoxec]
103083 | Abyss:3  | Gained mutation: [Scrolls take you a little longer to read.] [a neqoxec]
103085 | Abyss:3  | Gained mutation: You are frail. (-10% HP) [a neqoxec]
103207 | Abyss:3  | HP: 2/245 [meliai/divine providence (11)]
103209 | Abyss:3  | Killed from afar by a meliai

Skill      XL: |  1  2  3  4  5  6  7  8  9 10 11 12 13 14 15 16 17 18 19 20 21 22 23 24 25 26 27 |
---------------+----------------------------------------------------------------------------------+-----
Fighting       | 4 5 6 7 9 11 13 14 15 16 17 18 19 20 21 22 23 24 25 27 | 27.0
Armour         | 4 5 6 8 9 10 11 12 13 14 15 16 17 18 19 20 | 20.9
Axes           | 3 4 5 6 7 9 10 12 13 14 15 16 17 18 19 20 21 22 23 24 25 26 27 | 27.0
Shields        | 4 5 6 7 9 11 13 14 16 18 19 20 21 23 25 27 | 27.0
Dodging        | 1 2 3 4 5 6 7 |  7.1
Crossbows      | 3 5 9 10 | 10.1
Stealth        | 1 2 3 4 |  4.0
Spellcasting   | 1 3 4 5 6 7 8 9 10 11 12 13 14 | 14.0
Polearms       | 3 |  3.1
Evocations     | |  0.1

Action                   |  1- 3 |  4- 6 |  7- 9 | 10-12 | 13-15 | 16-18 | 19-21 | 22-24 | 25-27 || total
-------------------------+-------+-------+-------+-------+-------+-------+-------+-------+-------++-------
Melee: War axe           |    62 |   209 |   355 |   554 |   728 |       |       |       |       ||  1908
       Headbutt          |    10 |    19 |    75 |   148 |   373 |   461 |   602 |   644 |   702 ||  3034
       Battleaxe         |       |       |       |    91 |   390 |       |       |       |       ||   481
       Broad axe         |       |       |       |     1 |    79 |  1439 |  1635 |  1892 |  2200 ||  7246
       Rapier            |       |       |       |       |    37 |       |       |       |       ||    37
       Arbalest          |       |       |       |       |     3 |       |       |       |       ||     3
       Trident           |       |       |       |       |       |    76 |       |       |       ||    76
 Fire: Arbalest          |       |       |       |    35 |   215 |       |       |       |       ||   250
Throw: Stone             |       |       |       |       |     2 |       |       |       |       ||     2
Evoke: Wand              |       |       |       |       |     5 |       |     2 |       |       ||     7
  Use: Scroll            |       |     5 |     2 |    18 |    16 |     1 |     4 |     3 |     4 ||    53
       Potion            |       |     2 |       |       |     5 |     5 |     9 |     1 |    25 ||    47
 Stab: Sleeping          |       |       |       |     2 |       |       |       |       |     1 ||     3
       Distracted        |       |       |       |       |       |     1 |     3 |       |     2 ||     6
       Paralysed         |       |       |       |       |       |       |     6 |       |       ||     6
  Eat: Chunk             |       |     6 |    19 |    28 |    33 |    17 |    13 |    34 |     8 ||   158
       Fruit             |       |       |       |     9 |    12 |       |     1 |     2 |       ||    24
       Royal jelly       |       |       |       |     2 |     2 |     2 |     2 |     1 |     1 ||    10
       Meat ration       |       |       |       |     1 |       |       |     3 |     1 |     1 ||     6
       Bread ration      |       |       |       |       |     4 |     6 |     2 |     3 |     9 ||    24
Armor: Scale mail        |    34 |   100 |    13 |       |       |       |       |       |       ||   147
       Chain mail        |       |       |   100 |       |       |       |       |       |       ||   100
       Plate armour      |       |       |    61 |   378 |  1025 |   943 |  1126 |   718 |   812 ||  5063
       Leather armour    |       |       |       |     4 |       |       |       |       |       ||     4
       Ring mail         |       |       |       |       |    15 |       |       |       |       ||    15
       Skin              |       |       |       |       |       |       |       |       |     3 ||     3
Dodge: Dodged            |    26 |   112 |   130 |   266 |   628 |   519 |   534 |   455 |   412 ||  3082
Block: Shield            |    33 |    21 |       |       |       |       |       |       |       ||    54
       Buckler           |       |    71 |    72 |    38 |   278 |   976 |  1019 |   395 |       ||  2849
       Reflection        |       |       |       |       |     3 |   112 |    82 |   160 |   119 ||   476
       Large shield      |       |       |       |       |       |       |       |  1502 |  2657 ||  4159
